 Dungeon Crawl Stone Soup version 0.25-a0-834-g55863b0b92 (webtiles) character file.

Game seed: 10086454708053626385, levelgen mode: deterministic

391 Error4North the Covered (level 6, -1/53 HPs)
             Began as a Hill Orc Fighter on Apr 22, 2020.
             Blown up by Ijyb (30 damage)
             ... with a disintegration bolt
             ... on level 4 of the Dungeon on Apr 23, 2020.
             The game lasted 00:13:00 (3973 turns).

Error4North the Covered (Hill Orc Fighter)          Turns: 3973, Time: 00:13:01

Health: -1/53      AC:  9    Str: 18 (20) XL:     6   Next: 80%
Magic:  6/6        EV:  5    Int:  6 (9)  God:
Gold:   199        SH: 14    Dex: 10      Spells: 5/5 levels left

rFire    . . .     SeeInvis .   a - +1 war axe
rCold    . . .     Gourm    .   c - +1 kite shield
rNeg     . . .     Faith    .   y - +0 chain mail
rPois    .         Spirit   .   (helmet restricted)
rElec    .         Reflect  .   (no cloak)
rCorr    .         Harm     .   (no gloves)
MR       +....                  (no boots)
Stlth    ..........             (no amulet)
HPRegen  0.17/turn              b - ring of stealth
MPRegen  0.10/turn              (no ring)

@: no status effects
A: antennae 1, large bone plates 1, magic resistance 1
a: no special abilities


You were on level 4 of the Dungeon.
You were hungry.

You visited 1 branch of the dungeon, and saw 4 of its levels.

You collected 199 gold pieces.

Inventory:

Hand Weapons
 a - a +1 war axe (weapon)
Armour
 c - a +1 kite shield (worn)
 y - a +0 chain mail (worn)
Jewellery
 b - a ring of stealth (left hand)
Scrolls
 e - 4 scrolls of identify
 g - a scroll of remove curse
 k - a scroll of immolation
 l - a scroll of enchant weapon
 q - 2 scrolls of fog
 w - 2 scrolls of blinking
Potions
 d - a potion of might
 i - a potion of lignification
 n - 3 potions of curing
 r - a potion of resistance
 z - 2 potions of haste {unknown}
Comestibles
 f - 7 rations
 h - 2 chunks of flesh


   Skills:
 * Level 4.6 Fighting
 + Level 4.7 Axes
 * Level 5.2 Armour
 + Level 1.1 Dodging
 + Level 0.3 Stealth
 * Level 5.0 Shields


You had 5 spell levels left.
You didn't know any spells.
Your spell library was empty.

Dungeon Overview and Level Annotations

Branches:
Dungeon (4/15)
 Temple: D:4-7

Altars:

Shops:
D:4 }

Annotations:
D:4 Ijyb


Innate Abilities, Weirdness & Mutations

You have a pair of small antennae on your head.
You are partially covered in large bone plates. (SH +4)
You are resistant to hostile enchantments. (MR+)


Message History

Ijyb is moderately wounded.
Ijyb zaps a wand.
You resist with some effort.
You slash Ijyb!
Ijyb is severely wounded.
Ijyb hits you with a +0 club.
Ijyb zaps a wand.
You resist with some effort.
You hit Ijyb.
Ijyb is severely wounded.
Ijyb screams, "Level is mine!
All mine!"
You block Ijyb's attack.
You closely miss Ijyb.
Ijyb is severely wounded.
Ijyb zaps a wand.
You resist with some effort.
You hit Ijyb.
Ijyb is almost dead.
Ijyb hits you with a +0 club.
You closely miss Ijyb.
Ijyb is almost dead.
Ijyb hits you but does no damage.
Ijyb zaps a wand.
You are blasted!
Ouch! That really hurt!
You die...

.........#### .#
######....... ..#
#...#### #.# ######...#
... .........#### #.#
#.#####...... #?###.#
#..#### #.######.#...#
#...... #.....g@..(#.#
#..####
########.###.#####..####
#................
##########...#...
#.>..... ###.#### #.#
#.# .#


You could see Ijyb.

Vanquished Creatures
  A hound (D:3)
  A jelly (D:4)
  An iguana (D:4)
  Natasha (twice) (D:1)
  11 gnolls (D:3)
  5 adders
  4 worms
  3 dart slugs
  3 leopard geckos
  12 orcs
  A ball python (D:2)
  8 goblins
  9 hobgoblins
  6 bats
  6 frilled lizards
  5 kobolds
  14 rats
92 creatures vanquished.

Notes
Turn   | Place    | Note
-------+----------+-------------------------------------------
     0 | D:1      | Error4North the Hill Orc Fighter began the quest for the
                  | Orb.
     0 | D:1      | Reached XP level 1. HP: 19/19 MP: 1/1
   231 | D:1      | Reached XP level 2. HP: 27/27 MP: 2/2
   890 | D:1      | Reached XP level 3. HP: 33/33 MP: 3/3
  1272 | D:2      | Noticed Natasha
  1301 | D:1      | Killed Natasha
  1301 | D:1      | Reached XP level 4. HP: 13/40 MP: 4/4
  1460 | D:1      | Noticed Natasha
  1467 | D:1      | Killed Natasha
  1985 | D:2      | Reached XP level 5. HP: 36/46 MP: 5/5
  3352 | D:3      | Reached skill level 5 in Armour
  3450 | D:3      | Reached XP level 6. HP: 38/53 MP: 6/6
  3464 | D:3      | Gained mutation: You are partially covered in large bone
                  | plates. (SH +4) [potion of mutation]
  3464 | D:3      | Gained mutation: You have a pair of small antennae on your
                  | head. [potion of mutation]
  3464 | D:3      | Gained mutation: You are resistant to hostile enchantments.
                  | (MR+) [potion of mutation]
  3486 | D:3      | Reached skill level 1 in Dodging
  3784 | D:4      | Noticed a slave
  3784 | D:4      | Noticed a slave
  3876 | D:4      | Found Vomu's Gadget Shop.
  3950 | D:4      | Reached skill level 5 in Shields
  3955 | D:4      | Noticed Ijyb
  3973 | D:4      | Blown up by Ijyb

Levels and vault maps discovered:
D:1:      ncdulo_wetmaze, layout_basic
D:2:      layout_basic, first_ration, ebering_dispersal_statue_hall,
          uniq_natasha
D:3:      layout_loops_cross
D:4:      layout_loops_ring, serial_shops, shop, uniq_ijyb, uniq_pikel

Skill      XL: |  1  2  3  4  5  6 |
---------------+-------------------+-----
Fighting       | 4 |  4.6
Axes           | 3 4 |  4.7
Armour         | 4 5 |  5.2
Shields        | 4 5 |  5.0
Dodging        | 1 |  1.1
Stealth        | |  0.3

Action                   |  1- 3 |  4- 6 || total
-------------------------+-------+-------++-------
Melee: War axe           |   110 |   241 ||   351
  Use: Potion            |     1 |     7 ||     8
       Scroll            |       |    12 ||    12
  Eat: Chunk             |     1 |     9 ||    10
Armor: Scale mail        |    48 |    47 ||    95
       Chain mail        |       |    57 ||    57
       Skin              |       |    48 ||    48
Dodge: Dodged            |    39 |    59 ||    98
Block: Kite shield       |    50 |   225 ||   275

Table legend:
 A = Non-vault XP
 B = Vault XP
 C = Vault XP percentage of total XP
 D = Non-vault monster count
 E = Vault monster count
 F = Vault count percentage of total count
                 A         B        C        D         E       F
            +---------+---------+-------+---------+---------+-------
      Total |     524 |      35 |   6.3 |      91 |       1 |   1.1
            +---------+---------+-------+---------+---------+-------
        D:1 |      79 |      35 |  30.7 |      26 |       1 |   3.7
        D:2 |      82 |       0 |   0.0 |      25 |       0 |   0.0
        D:3 |     238 |       0 |   0.0 |      29 |       0 |   0.0
        D:4 |     125 |       0 |   0.0 |      11 |       0 |   0.0
            +---------+---------+-------+---------+---------+-------
